TOP OF THE 1ST |
University of Arizona Wildcats batting - Pitching for University of South Carolina Gamecocks : RHP Sammy Armstrong
|
Pitching: RHP Sammy Armstrong
|
|
Batting: RHB Tatsuro Hamasaki
|
0-0: Fly out, F8 (Flyball, 89M, EV 90.0 MPH)
|
Batting: LHB Pascal Noël
|
0-0: Fly out, F8 (Flyball, 78M, EV 80.6 MPH)
|
Batting: RHB Ricardo Fernandez
|
0-0: Swinging Strike 0-1: Called Strike 0-2: Ball 1-2: Ball 2-2: Ball 3-2: Fly out, F4 (Popup, 3S, EV 63.8 MPH)
|
Top of the 1st over - 0 runs, 0 hits, 0 errors, 0 left on base; University of Arizona 0 - University of South Carolina 0 |
BOTTOM OF THE 1ST |
University of South Carolina Gamecocks batting - Pitching for University of Arizona Wildcats : RHP Ai-de Zhào
|
Pitching: RHP Ai-de Zhào
|
|
Batting: RHB Justin Kurutz
|
0-0: Ball 1-0: Foul Ball, location: 2F 1-1: Ball 2-1: Ball 3-1: Bunt for hit to 13 - play at first, batter OUT! 1-3
|
Batting: RHB Brian Passalacqua
|
0-0: Foul Ball, location: 2F 0-1: Ball 1-1: Swinging Strike 1-2: SOLO HOME RUN (Flyball, 89XD, EV 99.4 MPH), Distance : 394 ft
|
Batting: SHB Keith Mihas
|
0-0: Fly out, F7 (Flyball, 78M, EV 77.5 MPH)
|
Batting: LHB Chris McNay
|
0-0: Called Strike 0-1: Ball 1-1: Fly out, F9 (Flyball, 89M, EV 78.1 MPH)
|
Bottom of the 1st over - 1 run, 1 hit, 0 errors, 0 left on base; University of Arizona 0 - University of South Carolina 1 |
TOP OF THE 2ND |
University of Arizona Wildcats batting - Pitching for University of South Carolina Gamecocks : RHP Sammy Armstrong
|
Batting: LHB Mark Harris
|
0-0: Ground out U3 (Groundball, 34, EV 92.5 MPH)
|
Batting: LHB Andrew Davis
|
0-0: Ball 1-0: Called Strike 1-1: Foul Ball, location: 2F 1-2: Foul Ball, location: 2F 1-2: Foul Ball, location: 2F 1-2: Foul Ball, location: 2F 1-2: SINGLE (Groundball, 56D, EV 103.1 MPH)
|
Batting: RHB Larry Harlow
|
0-0: Called Strike 0-1: Grounds into double play, 5-4-3 (Groundball, 56, EV 90.0 MPH)
|
Top of the 2nd over - 0 runs, 1 hit, 0 errors, 0 left on base; University of Arizona 0 - University of South Carolina 1 |
BOTTOM OF THE 2ND |
University of South Carolina Gamecocks batting - Pitching for University of Arizona Wildcats : RHP Ai-de Zhào
|
Batting: RHB Lance Neldon
|
0-0: Fly out, F9 (Flyball, 9LS, EV 73.1 MPH)
|
Batting: LHB Bert Webster
|
0-0: Called Strike 0-1: Swinging Strike 0-2: Ball 1-2: Ball 2-2: Foul Ball, location: 2F 2-2: Strikes out swinging
|
Batting: RHB Phil Hanley
|
0-0: Ball 1-0: Swinging Strike 1-1: Ball 2-1: Foul Ball, location: 2F 2-2: Foul Ball, location: 2F 2-2: Strikes out looking
|
Bottom of the 2nd over - 0 runs, 0 hits, 0 errors, 0 left on base; University of Arizona 0 - University of South Carolina 1 |
TOP OF THE 3RD |
University of Arizona Wildcats batting - Pitching for University of South Carolina Gamecocks : RHP Sammy Armstrong
|
Batting: RHB Eddy Amaya
|
0-0: Called Strike 0-1: Ball 1-1: Ball 2-1: Ball 3-1: Foul Ball, location: 2F 3-2: Foul Ball, location: 2F 3-2: Ground out 6-3 (Groundball, 6, EV 96.9 MPH)
|
Batting: RHB Vince Parris
|
0-0: Ball 1-0: Ball 2-0: Called Strike 2-1: Called Strike 2-2: Foul Ball, location: 2F 2-2: Foul Ball, location: 2F 2-2: Strikes out swinging
|
Batting: LHB Jere Paatelainen
|
0-0: Ball 1-0: Foul Ball, location: 2F 1-1: Reached on error, E1 (Groundball, 15S, EV 68.8 MPH)
|
Batting: RHB Tatsuro Hamasaki
|
0-0: Called Strike 0-1: Foul Ball, location: 2F 0-2: Ball 1-2: Strikes out swinging
|
Top of the 3rd over - 0 runs, 0 hits, 1 error, 1 left on base; University of Arizona 0 - University of South Carolina 1 |
BOTTOM OF THE 3RD |
University of South Carolina Gamecocks batting - Pitching for University of Arizona Wildcats : RHP Ai-de Zhào
|
Batting: LHB Corey Lomas
|
0-0: Ball 1-0: Called Strike 1-1: SINGLE (Flyball, 4MD, EV 91.2 MPH)
|
Batting: RHB Ben Turner
|
0-0: Foul Ball, location: 2F 0-1: Grounds into double play, 4-6-3 (Groundball, 34, EV 84.4 MPH)
|
Batting: RHB Justin Kurutz
|
0-0: Ball 1-0: Swinging Strike 1-1: Ball 2-1: Ball 3-1: Called Strike 3-2: Fly out, F8 (Flyball, 8RM, EV 79.4 MPH)
|
Bottom of the 3rd over - 0 runs, 1 hit, 0 errors, 0 left on base; University of Arizona 0 - University of South Carolina 1 |
TOP OF THE 4TH |
University of Arizona Wildcats batting - Pitching for University of South Carolina Gamecocks : RHP Sammy Armstrong
|
Batting: LHB Pascal Noël
|
0-0: Ball 1-0: SINGLE (Groundball, 6MD, EV 95.6 MPH)
|
Batting: RHB Ricardo Fernandez
|
0-0: Ball 1-0: Foul Ball, location: 2F 1-1: Ball 2-1: Foul Ball, location: 2F 2-2: Grounds into double play, 6-4-3 (Groundball, 6, EV 82.5 MPH)
|
Batting: LHB Mark Harris
|
0-0: SOLO HOME RUN (Line Drive, 89XD, EV 111.2 MPH), Distance : 412 ft
|
Batting: LHB Andrew Davis
|
0-0: Called Strike 0-1: Called Strike 0-2: Ball 1-2: DOUBLE (Line Drive, 7LS, EV 91.2 MPH)
|
Batting: RHB Larry Harlow
|
0-0: Foul Ball, location: 2F 0-1: Called Strike 0-2: Foul Ball, location: 2F 0-2: Ball 1-2: Strikes out swinging
|
Top of the 4th over - 1 run, 3 hits, 0 errors, 1 left on base; University of Arizona 1 - University of South Carolina 1 |
BOTTOM OF THE 4TH |
University of South Carolina Gamecocks batting - Pitching for University of Arizona Wildcats : RHP Ai-de Zhào
|
Batting: RHB Brian Passalacqua
|
0-0: Foul Ball, location: 2F 0-1: Called Strike 0-2: Ball 1-2: Foul Ball, location: 2F 1-2: Ball 2-2: Foul Ball, location: 2F 2-2: Ball 3-2: Foul Ball, location: 2F 3-2: Ground out 1-3 (Groundball, 23, EV 72.5 MPH)
|
Batting: SHB Keith Mihas
|
0-0: Ball 1-0: Ball 2-0: Called Strike 2-1: Fly out, F6 (Popup, 6MS, EV 81.9 MPH)
|
Batting: LHB Chris McNay
|
0-0: Ball 1-0: Called Strike 1-1: DOUBLE (Flyball, 8LXD, EV 91.2 MPH)
|
Batting: RHB Lance Neldon
|
0-0: Ball 1-0: Ball 2-0: Ball 3-0: Called Strike 3-1: Base on Balls
|
Batting: LHB Bert Webster
|
0-0: Foul Ball, location: 2F 0-1: Ball 1-1: Called Strike 1-2: SINGLE (Line Drive, 8RS, EV 100.6 MPH) Chris McNay to third Lance Neldon to second Runner from 3rd tries for Home, SAFE, throw by CF to home
|
Batting: RHB Phil Hanley
|
0-0: Foul Ball, location: 2F 0-1: Ball 1-1: Ball 2-1: Ball 3-1: 3-RUN HOME RUN (Flyball, 7D, EV 98.8 MPH), Distance : 396 ft
|
Pitching: LHP Matt Waterbury
|
|
Batting: LHB Corey Lomas
|
0-0: Ground out U3 (Groundball, 34, EV 83.8 MPH)
|
Bottom of the 4th over - 4 runs, 3 hits, 0 errors, 0 left on base; University of Arizona 1 - University of South Carolina 5 |
TOP OF THE 5TH |
University of Arizona Wildcats batting - Pitching for University of South Carolina Gamecocks : RHP Sammy Armstrong
|
Batting: RHB Eddy Amaya
|
0-0: Fly out, F2 (Popup, 2LF, EV 88.8 MPH)
|
Batting: RHB Vince Parris
|
0-0: Ball 1-0: Ball 2-0: Called Strike 2-1: Ball 3-1: Base on Balls
|
Batting: LHB Jere Paatelainen
|
0-0: Called Strike 0-1: Ball 1-1: Foul Ball, location: 2F 1-2: Ball 2-2: Foul Ball, location: 2F 2-2: Ball 3-2: Base on Balls Vince Parris to second
|
Batting: RHB Tatsuro Hamasaki
|
0-0: Ball 1-0: Called Strike 1-1: Ball 2-1: Ball 3-1: Foul Ball, location: 2F 3-2: Foul Ball, location: 2F 3-2: Foul Ball, location: 2F 3-2: Base on Balls Vince Parris to third Jere Paatelainen to second
|
Batting: LHB Pascal Noël
|
0-0: Ball 1-0: SINGLE (Line Drive, 9S, EV 101.9 MPH) Vince Parris scores Jere Paatelainen to third Tatsuro Hamasaki to second Runner from 3rd tries for Home, throw by RF and OUT! 9-2
|
Batting: RHB Ricardo Fernandez
|
0-0: Swinging Strike 0-1: Swinging Strike 0-2: Foul Ball, location: 2F 0-2: Strikes out looking
|
Top of the 5th over - 1 run, 1 hit, 0 errors, 2 left on base; University of Arizona 2 - University of South Carolina 5 |
BOTTOM OF THE 5TH |
University of South Carolina Gamecocks batting - Pitching for University of Arizona Wildcats : LHP Matt Waterbury
|
Batting: RHB Ben Turner
|
0-0: Ball 1-0: Ball 2-0: Called Strike 2-1: Foul Ball, location: 2F 2-2: Foul Ball, location: 2F 2-2: Fly out, F7 (Flyball, 7LM, EV 89.4 MPH)
|
Batting: RHB Justin Kurutz
|
0-0: Ball 1-0: Ground out 6-3 (Groundball, 6, EV 110.0 MPH)
|
Batting: RHB Brian Passalacqua
|
0-0: Fly out, F8 (Flyball, 8RXD, EV 83.8 MPH)
|
Bottom of the 5th over - 0 runs, 0 hits, 0 errors, 0 left on base; University of Arizona 2 - University of South Carolina 5 |
TOP OF THE 6TH |
University of Arizona Wildcats batting - Pitching for University of South Carolina Gamecocks : RHP Sammy Armstrong
|
Pitching: RHP Trent Lipinski
|
|
Batting: LHB Mark Harris
|
0-0: Foul Ball, location: 2F 0-1: DOUBLE (Line Drive, 7LS, EV 95.6 MPH)
|
Batting: LHB Andrew Davis
|
0-0: Ball 1-0: Swinging Strike 1-1: Fly out, F8 (Line Drive, 8RM, EV 92.5 MPH)
|
Batting: RHB Larry Harlow
|
0-0: Ground out 6-3 (Groundball, 6, EV 78.8 MPH)
|
Batting: RHB Eddy Amaya
|
0-0: Ground out 6-3 (Groundball, 6, EV 90.0 MPH)
|
Top of the 6th over - 0 runs, 1 hit, 0 errors, 1 left on base; University of Arizona 2 - University of South Carolina 5 |
BOTTOM OF THE 6TH |
University of South Carolina Gamecocks batting - Pitching for University of Arizona Wildcats : LHP Matt Waterbury
|
Batting: SHB Keith Mihas
|
0-0: Fly out, F8 (Flyball, 8RXD, EV 90.0 MPH)
|
Batting: LHB Chris McNay
|
0-0: Called Strike 0-1: TRIPLE (Flyball, 78XD, EV 112.5 MPH)
|
Batting: RHB Lance Neldon
|
0-0: Ball 1-0: Fly out, F7 (Flyball, 7S, EV 88.8 MPH)
|
Batting: LHB Bert Webster
|
0-0: Called Strike 0-1: Swinging Strike 0-2: Foul Ball, location: 2F 0-2: Hit by Pitch
|
Batting: RHB Phil Hanley
|
0-0: Foul Ball, location: 2F 0-1: Foul Ball, location: 2F 0-2: Ball 1-2: Reached on error, E1 (Groundball, P, EV 69.4 MPH) Chris McNay scores Bert Webster to second
|
Pitching: RHP Rogelio Chavez
|
|
Batting: LHB Corey Lomas
|
0-0: Foul Ball, location: 2F 0-1: Fielders Choice at 2nd, U6 (Groundball, 6M, EV 81.2 MPH)
|
Bottom of the 6th over - 1 run, 1 hit, 1 error, 2 left on base; University of Arizona 2 - University of South Carolina 6 |
TOP OF THE 7TH |
University of Arizona Wildcats batting - Pitching for University of South Carolina Gamecocks : RHP Trent Lipinski
|
Pinch Hitting: LHB Lihau Keawe
|
0-0: Ball 1-0: Ball 2-0: Swinging Strike 2-1: SINGLE (Groundball, 6M, EV 109.4 MPH) (infield hit)
|
Batting: LHB Jere Paatelainen
|
0-0: Foul Ball, location: 2F 0-1: Foul Ball, location: 2F 0-2: Ball 1-2: Fly out, F7 (Line Drive, 78M, EV 88.8 MPH)
|
Batting: RHB Tatsuro Hamasaki
|
0-0: Called Strike Lihau Keawe steals 2nd, throwing error, E2 Lihau Keawe to third 0-1: Ball 1-1: Foul Ball, location: 2F 1-2: Ball 2-2: Strikes out swinging
|
Batting: LHB Pascal Noël
|
0-0: Called Strike 0-1: Ball 1-1: Ball 2-1: Ball 3-1: Fly out, F9 (Line Drive, 89M, EV 96.9 MPH)
|
Top of the 7th over - 0 runs, 1 hit, 1 error, 1 left on base; University of Arizona 2 - University of South Carolina 6 |
BOTTOM OF THE 7TH |
University of South Carolina Gamecocks batting - Pitching for University of Arizona Wildcats : RHP Rogelio Chavez
|
Pitching: LHP Victor Silva
|
|
Now in LF: Lihau Keawe
|
|
Batting: RHB Ben Turner
|
0-0: Called Strike 0-1: Ball 1-1: Called Strike 1-2: Ball 2-2: Ball 3-2: Fly out, F2 (Popup, 2RF, EV 91.9 MPH)
|
Batting: RHB Justin Kurutz
|
0-0: Called Strike 0-1: Swinging Strike 0-2: Ball 1-2: Foul Ball, location: 2F 1-2: Foul Ball, location: 2F 1-2: Ball 2-2: Strikes out swinging
|
Batting: RHB Brian Passalacqua
|
0-0: Ball 1-0: Ball 2-0: Foul Ball, location: 2F 2-1: Foul Ball, location: 2F 2-2: Fly out, F7 (Flyball, 78M, EV 88.1 MPH)
|
Bottom of the 7th over - 0 runs, 0 hits, 0 errors, 0 left on base; University of Arizona 2 - University of South Carolina 6 |
TOP OF THE 8TH |
University of Arizona Wildcats batting - Pitching for University of South Carolina Gamecocks : RHP Trent Lipinski
|
Pitching: RHP Scott Arthur
|
|
Batting: RHB Ricardo Fernandez
|
0-0: Ball 1-0: Ball 2-0: Ball 3-0: Called Strike 3-1: Called Strike 3-2: Strikes out swinging, 2-3 out at first.
|
Batting: LHB Mark Harris
|
0-0: Ball 1-0: Fly out, F7 (Flyball, 7, EV 94.4 MPH)
|
Batting: LHB Andrew Davis
|
0-0: Ball 1-0: Called Strike 1-1: Ball 2-1: Foul Ball, location: 2F 2-2: Ball 3-2: Ground out 3-1 (Groundball, 34, EV 80.6 MPH)
|
Top of the 8th over - 0 runs, 0 hits, 0 errors, 0 left on base; University of Arizona 2 - University of South Carolina 6 |
BOTTOM OF THE 8TH |
University of South Carolina Gamecocks batting - Pitching for University of Arizona Wildcats : LHP Victor Silva
|
Batting: SHB Keith Mihas
|
0-0: Swinging Strike 0-1: Foul Ball, location: 2F 0-2: Strikes out looking
|
Batting: LHB Chris McNay
|
0-0: Foul Ball, location: 2F 0-1: Ball 1-1: Ball 2-1: Foul Ball, location: 2F 2-2: Fly out, F8 (Flyball, 78S, EV 88.1 MPH)
|
Batting: RHB Lance Neldon
|
0-0: Ball 1-0: Fly out, F8 (Flyball, 78M, EV 91.9 MPH)
|
Bottom of the 8th over - 0 runs, 0 hits, 0 errors, 0 left on base; University of Arizona 2 - University of South Carolina 6 |
TOP OF THE 9TH |
University of Arizona Wildcats batting - Pitching for University of South Carolina Gamecocks : RHP Scott Arthur
|
Batting: RHB Larry Harlow
|
0-0: Ball 1-0: Called Strike 1-1: Foul Ball, location: 2F 1-2: Foul Ball, location: 2F 1-2: Ball 2-2: Ground out 6-3 (Groundball, 6, EV 86.9 MPH)
|
Batting: RHB Eddy Amaya
|
0-0: Reached on error, E5 (Groundball, 56, EV 105.6 MPH)
|
Batting: LHB Lihau Keawe
|
0-0: Called Strike 0-1: Foul Ball, location: 2F 0-2: Ball 1-2: Foul Ball, location: 2F 1-2: Foul Ball, location: 2F 1-2: Ball 2-2: SINGLE (Flyball, 78S, EV 97.5 MPH) Eddy Amaya to third
|
Pitching: RHP Nelson Knopp
|
|
Batting: LHB Jere Paatelainen
|
0-0: Called Strike 0-1: Called Strike 0-2: Foul Ball, location: 2F 0-2: Ball 1-2: Foul Ball, location: 2F 1-2: Foul Ball, location: 2F 1-2: Ball 2-2: Strikes out swinging
|
Pinch Hitting: SHB George Grace
|
0-0: Ball 1-0: Ball 2-0: Called Strike 2-1: Foul Ball, location: 2F 2-2: Strikes out looking
|
Top of the 9th over - 0 runs, 1 hit, 1 error, 2 left on base; University of Arizona 2 - University of South Carolina 6 |
|